 Dungeon Crawl Stone Soup version 0.24-a0-586-g8e0e932 (webtiles) character file.

Game seed: 3199234305260991778, levelgen mode: deterministic

105 relicbr the Grave Robber (level 4, -2/30 HPs)
             Began as a Demonspawn Necromancer on Sept 8, 2019.
             Slain by a quokka (5 damage)
             ... on level 2 of the Dungeon.
             The game lasted 00:06:06 (2343 turns).

relicbr the Grave Robber (Demonspawn Necromancer)   Turns: 2343, Time: 00:06:07

Health: -2/30      AC:  2    Str:  9    XL:     4   Next: 53%
Magic:  4/7        EV: 12    Int: 17    God:
Gold:   98         SH:  0    Dex: 13    Spells: 6/7 levels left

rFire    . . .     SeeInvis .   d - +0 dagger
rCold    . . .     Gourm    .   (no shield)
rNeg     . . .     Faith    .   a - +0 robe
rPois    .         Spirit   .   (helmet restricted)
rElec    .         Reflect  .   (no cloak)
rCorr    .         Harm     .   (no gloves)
MR       .....                  (no boots)
Stlth    ++........             (no amulet)
HPRegen  0.10/turn              (no ring)
MPRegen  0.10/turn              (no ring)

@: no status effects
A: horns 1
a: no special abilities


You were on level 2 of the Dungeon.
You were not hungry.

You visited 1 branch of the dungeon, and saw 3 of its levels.

You collected 98 gold pieces.

Inventory:

Hand Weapons
 d - a +0 dagger (weapon)
Missiles
 h - 6 curare-tipped darts (quivered)
Armour
 a - a +0 robe (worn)
Scrolls
 e - a scroll of blinking {unknown}
 j - a scroll of identify {unknown}
 l - a scroll of amnesia {unknown}
 m - a scroll of fear {unknown}
 q - a scroll of remove curse
Potions
 b - a potion of magic {unknown}
 g - a potion of ambrosia {unknown}
 i - a potion of curing {unknown}
 k - a potion of haste {unknown}
 o - a potion of brilliance {unknown}
 p - a potion of mutation {unknown}
Comestibles
 c - 7 rations


   Skills:
 - Level 1.7 Dodging
 - Level 1.7 Stealth
 - Level 2.0 Spellcasting
 * Level 6.6 Necromancy


You had 6 spell levels left.
You knew the following spells:

 Your Spells              Type           Power        Failure   Level  Hunger
a - Pain                  Necr           ###.         1%          1    #......

Your spell library contained the following spells:

 Spells                   Type           Power        Failure   Level  Hunger
 Animate Skeleton         Necr           N/A          1%          1    #......
 Vampiric Draining        Necr           ###.......   3%          3    ###....
 Animate Dead             Necr           N/A          13%         4    #####..
 Regeneration             Chrm/Necr      ##........   16%         3    ###....


Dungeon Overview and Level Annotations

Branches:
Dungeon (3/15)

Altars:
Ashenzari
Cheibriados
Hepliaklqana
Vehumet


Innate Abilities, Weirdness & Mutations

You have a pair of small horns on your head.


Message History

The quokka barely misses you.
Found 13 gold pieces.
The quokka misses you.
All of the chunks of flesh in your inventory have rotted away.
The quokka barely misses you. The quokka barely misses you.
The quokka closely misses you.
The quokka bites you but does no damage.
There is a stone staircase leading up here.
The quokka bites you.
* * * LOW HITPOINT WARNING * * *
You climb upwards.
There is a stone staircase leading down here.
Casting: Pain (safe; 1% risk of failure)
Confirm with . or Enter, or press ? or * to list all spells.
Aiming: Pain (safe; 1% risk of failure)
Press: ? - help, Shift-Dir - straight line, f - quokka
Aim: a quokka (chance to defeat MR: 93%)
The quokka writhes in agony.
The quokka bites you.
You die...

.###.......# ..)........#
...........#
......############ ......#
#.......# ......#
#.#####.##### ..#####
#.#.........#
....######.#.###)....#
.....)...(......@....#
.....#####.......r.#.#
.....## #.........#.#
......#####..#####.#.#
.............# #..#.#
....#..###...####..#.#
.........#)........#.#
...###.#...........#.#####
.........##.######.#.....#


You could see a quokka.

Vanquished Creatures
  4 adders
  An ooze (D:1)
  A worm (D:2)
  A dart slug (D:2)
  3 leopard geckos
  2 orcs (D:3)
  A giant cockroach (D:1)
  6 hobgoblins
  2 quokkas (D:2)
  8 bats
  4 frilled lizards
  4 goblins
  12 kobolds
  4 rats
53 creatures vanquished.

Notes
Turn   | Place    | Note
-------+----------+-------------------------------------------
     0 | D:1      | relicbr the Demonspawn Necromancer began the quest for the
                  | Orb.
     0 | D:1      | Reached XP level 1. HP: 13/13 MP: 3/3
   440 | D:1      | Gained mutation: You have a pair of small horns on your
                  | head. [demonic ancestry]
   440 | D:1      | Reached XP level 2. HP: 19/19 MP: 3/5
   456 | D:1      | Reached skill level 5 in Necromancy
  1045 | D:1      | Found a radiant altar of Vehumet.
  1069 | D:2      | Reached XP level 3. HP: 24/24 MP: 4/6
  1758 | D:2      | Reached skill level 6 in Necromancy
  1874 | D:2      | Reached XP level 4. HP: 29/30 MP: 4/7
  2173 | D:2      | Found a snail-covered altar of Cheibriados.
  2173 | D:2      | Found a shattered altar of Ashenzari.
  2174 | D:2      | Found a hazy altar of Hepliaklqana.
  2343 | D:2      | Slain by a quokka

Levels and vault maps discovered:
D:1:      dpeg_arrival_water_altar, layout_rooms, minmay_tetromino_o2
D:2:      layout_basic, chequers_temple_overflow_statue_of_worship, st_stairs_8
D:3:      layout_loops_ring, minmay_starry_boxes

Skill      XL: |  1  2  3 |
---------------+----------+-----
Necromancy     | 5 6 |  6.6
Dodging        | |  1.7
Stealth        | |  1.7
Spellcasting   | |  2.0

Action                   |  1- 3 |  4- 6 || total
-------------------------+-------+-------++-------
Melee: Dagger            |    38 |     9 ||    47
       Headbutt          |     2 |     1 ||     3
 Cast: Pain              |    56 |    31 ||    87
  Use: Scroll            |       |     3 ||     3
 Stab: Sleeping          |     1 |       ||     1
  Eat: Chunk             |     4 |     2 ||     6
Armor: Robe              |     9 |     3 ||    12
Dodge: Dodged            |    39 |    13 ||    52

Table legend:
 A = Non-vault XP
 B = Vault XP
 C = Vault XP percentage of total XP
 D = Non-vault monster count
 E = Vault monster count
 F = Vault count percentage of total count
                 A         B        C        D         E       F
            +---------+---------+-------+---------+---------+-------
      Total |     143 |       7 |   4.7 |      48 |       5 |   9.4
            +---------+---------+-------+---------+---------+-------
        D:1 |      38 |       2 |   5.0 |      20 |       2 |   9.1
        D:2 |      86 |       2 |   2.3 |      25 |       1 |   3.8
        D:3 |      19 |       3 |  13.6 |       3 |       2 |  40.0
            +---------+---------+-------+---------+---------+-------
